 Dungeon Crawl Stone Soup version 0.31-a0-986-g5e6e4ef867 (webtiles) character file.

Game seed: 8576630763641912935

48 monsoonserge the Changeling (level 3, 0/26 HPs)
             Began as a Merfolk Shapeshifter on Nov 18, 2023.
             Slain by an orc wizard
             ... wielding a +0 dagger
              (3 damage)
             ... on level 2 of the Dungeon.
             The game lasted 00:03:54 (1223 turns).

monsoonserge the Changeling (Merfolk Shapeshifter)  Turns: 1223, Time: 00:03:55

Health: 0/26       AC:  2    Str: 18 (20) XL:     3   Next: 72%
Magic:  3/3        EV: 10    Int:  6 (8)  God:
Gold:   47         SH:  6    Dex: 10 (12) Spells: 2/2 levels left

rFire   . .          .
                       - Unarmed
rCold   . . .        n - +0 kite shield
rNeg    . . .        a - +0 animal skin
rPois   .            (helmet currently unavailable)
rElec   .            (cloak currently unavailable)
rCorr   .            (gloves currently unavailable)
SInv    .            (boots currently unavailable)
Will    .....        (no amulet)
Stlth   +            (no ring)
HPRegen 0.24/turn    (no ring)
MPRegen 0.08/turn

%: no passive effects
@: beast-form
A: beast (slay +3), (nimble swimmer 2), mertail, sense surroundings 1, strong 1,
wild magic 1
a: Begin Untransformation


You were on level 2 of the Dungeon.
You were a hulking beast.
You visited 1 branch of the dungeon, and saw 2 of its levels.

You collected 83 gold pieces.
You spent 36 gold pieces at shops.

Inventory:

Armour
 a - a +0 animal skin (worn)
 n - a +0 kite shield (worn)
Talismans
 c - a beast talisman
 d - a flux talisman
Scrolls
 e - 5 scrolls of teleportation
 h - a scroll of blinking {unknown}
 i - a scroll of immolation {unknown}
 k - 3 scrolls of identify {unknown}
 l - a scroll of noise {unknown}
Potions
 b - a potion of lignification
 m - a potion of invisibility {unknown}


   Skills:
 + Level 1.1 Fighting
 + Level 3.3 Dodging
 - Level 3.2 Unarmed Combat
 * Level 5.4 Shapeshifting


You had 2 spell levels left.
You didn't know any spells.
Your spell library was empty.

Dungeon Overview and Level Annotations

Branches:
Dungeon (2/15)

Altars:

Shops:
D:1 [=[?*


Innate Abilities, Weirdness & Mutations

You are a hulking beast.
Your limbs bulge with bestial killing power. (Slay +3)
((You are very nimble when in or above water. (Stealth+, EV+, Speed+++)))
Your lower body shifts to a powerful aquatic tail in water.
You passively map a small area around you.
Your muscles are strong. (Str +4, Int/Dex -1)
Your spells are a little harder to cast, but a little more powerful.


Message History

You miss something.
You hear some strange, mumbled words.
Something tries to affect you, but you resist.
You bump into the rock wall.
You hear some strange, mumbled words.
You are more confused.
You bump into the rock wall.
You hear some strange, mumbled words.
A magic dart appears from out of thin air!
The magic dart hits you!
You bump into the rock wall.
You hear some strange, mumbled words.
You are more confused.
You bump into the rock wall.
Something hits you.
You bump into the rock wall.
You hear some strange, mumbled words.
A magic dart appears from out of thin air!
The magic dart hits you.
* * * LOW HITPOINT WARNING * * *
It was a potion of degeneration.
There was something very wrong with that liquid.
You feel weakened.
You feel dopey.
You feel clumsy. Something hits you.
* * * LOW HITPOINT WARNING * * *
It was a potion of mutation.
You feel extremely strange.
You feel stronger.
You feel less in control of your magic.
You feel a strange attunement to the structure of the dungeons.
Something hits you but does no damage.
It was a potion of curing.
You feel better.
You hear some strange, mumbled words.
A magic dart appears from out of thin air!
The magic dart hits you.
You closely miss something. Something hits you.
* * * LOW HITPOINT WARNING * * *
You hit something. Something hits you.
* * * LOW HITPOINT WARNING * * *
You hit something. Something hits you.
* * * LOW HITPOINT WARNING * * *
You hit something but do no damage. Something hits you.
You die...

* *
#.............#
#.............#
######.######## **
#.# , #.# #.# *
#.# #.# #h# #..
##{#
#..#########.o# ,,
#..........)..#
..##.............#
..#..............#
.##..............#
.#...............#
.#...............#


You could see an orc.

Vanquished Creatures
  2 adders (D:2)
  2 orcs (D:2)
  5 endoplasms
  4 goblins
  2 hobgoblins (D:1)
  4 ball pythons
  4 bats
  2 kobolds (D:1)
  2 rats
27 creatures vanquished.

Notes
Turn   | Place    | Note
-------+----------+-------------------------------------------
     0 | D:1      | monsoonserge the Merfolk Shapeshifter began the quest for
                  | the Orb.
     0 | D:1      | Reached XP level 1. HP: 15/15 MP: 1/1
    49 | D:1      | Found Xumiruodinn's General Store.
   120 | D:1      | Found Cutyuwn's Jewellery Shoppe.
   149 | D:1      | Found Xuixkirph's Armour Shoppe.
   152 | D:1      | Reached XP level 2. HP: 21/21 MP: 2/2
   275 | D:1      | Found Omabrian's Magic Scroll Shop.
   400 | D:1      | Found Wuxaq's Antique Armour Shop.
   722 | D:1      | Bought a scroll of teleportation for 36 gold pieces
   750 | D:2      | Reached skill level 5 in Shapeshifting
   865 | D:2      | Reached XP level 3. HP: 18/26 MP: 3/3
  1218 | D:2      | Gained mutation: Your muscles are strong. (Str +4, Int/Dex
                  | -1) [potion of mutation]
  1218 | D:2      | Gained mutation: Your spells are a little harder to cast,
                  | but a little more powerful. [potion of mutation]
  1218 | D:2      | Gained mutation: You passively map a small area around you.
                  | [potion of mutation]
  1223 | D:2      | Slain by an orc wizard

Illustrated notes

Levels and vault maps discovered:
D:1:      wheals_arrival_linesprint, layout_basic, serial_shops,
          nicolae_shop_behind_doors, nicolae_shop_window_shopping,
          nicolae_lakefront_shop, shop, nicolae_shop_stone
D:2:      layout_basic, hellmonk_ecumenical_altar_zigzags, minmay_misc_feat_rows

Skill      XL: |  1  2  3 |
---------------+----------+-----
Shapeshifting  | 5 |  5.4
Dodging        | 3 |  3.3
Fighting       | |  1.1
Unarmed Combat | |  3.2

Action                     || total
---------------------------++-------
  Melee: Unarmed           ||    69
    Use: Potion            ||     3
 Armour: Animal skin       ||    39
  Dodge: Dodged            ||    38
  Block: Kite shield       ||     3

Table legend: (Time is in decaauts)
 A = Elapsed time spent in this place.
 B = Non-inter-level travel time spent in this place.
 C = Inter-level travel time spent in this place.
 D = Time resting spent in this place.
 E = Time spent auto-exploring this place.
 F = Levels seen in this place.
 G = Mean time per level.
                   A        B        C        D        E       F      G
               +--------+--------+--------+--------+--------+-----+--------+
         Total |   1221 |   1102 |    119 |     31 |    739 |   2 |  610.5 |
       Dungeon |   1221 |   1102 |    119 |     31 |    739 |   2 |  610.5 |
               +--------+--------+--------+--------+--------+-----+--------+

Top non-repeatable levels by time:
     D:1: 744 daAuts
     D:2: 477 daAuts
